WCHLSIM.com - West Coast Hockey League
html PUBLIC "-//W3C//DTD XHTML 1.0 Transitional//EN" "http://www.w3.org/TR/xhtml1/DTD/xhtml1-transitional.dtd"> WCHL - Game 92 - OAKLAND GORILLAS vs VANCOUVER VOODOO

OAKLAND GORILLAS vs VANCOUVER VOODOO

Created - 26 octobre 2021 at 20:34

Goals
1 2 3 T
OAKLAND GORILLAS 0 1 2 3
VANCOUVER VOODOO 0 0 0 0
Shots
1 2 3 T
OAKLAND GORILLAS 7 11 15 33
VANCOUVER VOODOO 8 12 4 24

1st period

No Goal

Penalties :
Jan Rutta (OAK) for Slashing (Minor) at 9:50, Kurtis MacDermid (OAK) for Hooking (Minor) at 13:47

2nd period

1. OAKLAND GORILLAS , Pierre-Edouard Bellemare 1 (Tanner Pearson 3, Mason Appleton 2) at 2:07

Penalties :
Scott Laughton (OAK) for Hooking (Minor) at 7:46, Kurtis MacDermid (OAK) for Slashing (Minor) at 9:52

3rd period

2. OAKLAND GORILLAS , Steven Stamkos 1 (Tomas Tatar 2) at 6:13
3. OAKLAND GORILLAS , Scott Laughton 2 (Jesse Puljujarvi 1, Jakob Chychrun 4) at 15:03 (PP)

Penalties :
Adam Lowry (VAN) for Holding (Minor) at 1:20, Brenden Dillon (OAK) for Hooking (Minor) at 1:20, Hampus Lindholm (OAK) for Hooking (Minor) at 3:31, Nick Holden (VAN) for Interference (Minor) at 13:37

Goalie Stats

Matthew Murray (OAK), 24 saves from 24 shots - (1,000), W, 1-4-0, 60:00 minutes
Carey Price (VAN), 30 saves from 33 shots - (0,909), L, 1-3-0, 60:00 minutes

Players Stats for OAKLAND GORILLAS

Player Name              G  A  P  +/- PIM S  H  SB GA TA FO     MP     PP MP  PK MP  
------------------------------------------------------------------------------------
Brenden Dillon           0  0  0   0  2   0  4  1  0  0  0/0    21:19   0:46   5:25 
Devin Shore              0  0  0   0  0   1  3  0  0  0  0/0     6:02   0:00   0:00 
Hampus Lindholm          0  0  0   0  2   0  1  1  0  0  0/0    20:44   0:46   4:20 
Jakob Chychrun           0  1  1   1  0   0  0  1  0  0  0/0    24:54   0:40   4:09 
Jan Rutta                0  0  0   1  2   1  0  0  0  0  0/0    13:59   0:00   1:00 
Jesse Puljujarvi         0  1  1   0  0   3  0  0  0  0  0/1    18:30   0:40   4:18 
Joel Farabee             0  0  0   0  0   4  0  0  0  0  0/0    14:37   0:40   0:00 
Kurtis MacDermid         0  0  0   1  4   1  4  0  0  0  0/0    14:12   0:00   0:54 
Liam Foudy               0  0  0   0  0   0  0  0  0  0  1/8     7:35   0:00   1:33 
Mason Appleton           0  1  1   1  0   3  0  0  0  0  0/0    12:14   0:00   0:00 
Mikhail Sergachev        0  0  0   1  0   0  2  0  0  0  0/0    24:47   0:40   4:02 
Pierre-Edouard Bellemare 1  0  1   1  0   1  0  0  0  0  7/11   12:14   0:00   0:00 
Scott Laughton           1  0  1   0  2   4  4  0  0  0  12/23  18:52   0:40   4:16 
Steven Stamkos           1  0  1   1  0   4  2  1  0  0  12/21  18:00   0:46   0:48 
Tanner Pearson           0  1  1   1  0   4  1  0  0  0  0/0    12:14   0:00   0:00 
Tomas Tatar              0  1  1   1  0   2  1  0  0  0  1/1    15:38   0:46   0:00 
Travis Boyd              0  0  0   0  0   0  0  0  0  0  1/2    10:02   0:00   4:00 
Tyler Toffoli            0  0  0   1  0   5  1  0  0  0  0/0    22:07   0:46   4:55 

Players Stats for VANCOUVER VOODOO

Player Name              G  A  P  +/- PIM S  H  SB GA TA FO     MP     PP MP  PK MP  
------------------------------------------------------------------------------------
Adam Lowry               0  0  0   0  2   1  3  1  0  0  9/20   21:22   5:39   0:00 
Anders Bjork             0  0  0  -1  0   0  2  0  0  0  0/1    15:09   4:16   0:00 
Andreas Johnsson         0  0  0  -1  0   4  1  2  0  0  0/0    15:32   0:00   1:20 
Brendan Lemieux          0  0  0   0  0   0  1  0  0  0  0/1     7:51   0:44   0:00 
Brett Kulak              0  0  0  -1  0   0  0  0  0  0  0/0    21:44   4:10   0:22 
Ilya Mikheyev            0  0  0  -1  0   4  0  0  0  0  0/0    14:26   4:16   0:00 
Jake Bean                0  0  0  -1  0   0  1  1  0  0  0/0    21:14   4:10   0:06 
Jake Evans               0  0  0   0  0   0  0  0  0  0  9/11   11:39   4:16   0:06 
Jonathan Drouin          0  0  0   0  0   3  0  0  0  0  1/4    21:13   4:55   0:00 
Josh Anderson            0  0  0   0  0   5  1  0  0  0  0/2    21:23   5:39   0:00 
Keith Yandle             0  0  0   0  0   0  0  1  0  0  0/0    21:59   5:22   0:58 
Marcus Johansson         0  0  0  -1  0   2  0  0  0  0  0/0    14:55   0:00   0:00 
Mikko Lehtonen           0  0  0  -1  0   0  1  0  0  0  0/0    16:44   0:23   0:28 
Nick Holden              0  0  0  -1  2   1  0  2  0  0  0/0    16:33   1:07   0:00 
Nicolas Hague            0  0  0   0  0   1  2  0  0  0  0/0    21:45   4:38   0:58 
Nicolas Roy              0  0  0  -1  0   0  1  0  0  0  5/12   15:00   0:00   0:06 
Noel Acciari             0  0  0  -1  0   2  1  0  0  0  8/15   11:30   0:00   1:20 
Zack Kassian             0  0  0   0  0   1  1  0  0  0  1/1     6:34   0:00   0:00 

3 Stars

1 - Matthew Murray (OAK)
2 - Steven Stamkos (OAK)
3 - Pierre-Edouard Bellemare (OAK)

Power Play

OAKLAND GORILLAS - 1 on 1 Attempt(s) - 100,00%
VANCOUVER VOODOO - 0 on 5 Attempt(s) - 0,00%

Penalty Kill

OAKLAND GORILLAS - 5 on 5 Attempt(s) - 100,00% - Score 0 goal in Penalty Kill
VANCOUVER VOODOO - 0 on 1 Attempt(s) - 0,00% - Score 0 goal in Penalty Kill

Team Stat

OAKLAND GORILLAS - Hits : 23 - Faceoff Wins : 34 - Blocked Shots : 4 - Penalty Minutes : 12
VANCOUVER VOODOO - Hits : 15 - Faceoff Wins : 33 - Blocked Shots : 7 - Penalty Minutes : 4

Official

Referees : Sean MacFarlane and Eric Furlatt
Linesman : Ken Bonham and Matt MacPherson

Game Notes

No Game Note

Finance

Level 1 -- Attendance: 7200 (100,00%) -- Ticket Income 1 044 000 $
Level 2 -- Attendance: 5500 (100,00%) -- Ticket Income 550 000 $
Level 3 -- Attendance: 2812 (93,73%) -- Ticket Income 191 216 $
Level 4 -- Attendance: 5365 (89,42%) -- Ticket Income 257 520 $
Luxury Box -- Attendance: 1000 (100,00%) -- Ticket Income 300 000 $
Total Attendance: 21877 (96,37%)
Total Ticket Income: 2 342 736 $
Other Expense: 23 427 $
Total Income: 2 319 309 $

OAKLAND GORILLAS

5 vs 5 Forward 
   Center                   Left Wing                Right Wing               Time % Phy DF OF 
 1 Steven Stamkos           Tomas Tatar              Tyler Toffoli            36     1   2  2  
 2 Scott Laughton           Joel Farabee             Jesse Puljujarvi         31     1   2  2  
 3 Pierre-Edouard Bellemare Tanner Pearson           Mason Appleton           23     1   2  2  
 4 Liam Foudy               Devin Shore              Travis Boyd              10     1   2  2  

5 vs 5 Defense 
   Defense                  Defense                                           Time % Phy DF OF 
 1 Jakob Chychrun           Mikhail Sergachev                                 36     1   2  2  
 2 Brenden Dillon           Hampus Lindholm                                   31     1   2  2  
 3 Kurtis MacDermid         Jan Rutta                                         23     1   2  2  
 4 Jakob Chychrun           Mikhail Sergachev                                 10     1   2  2  

PowerPlay Forward 
   Center                   Left Wing                Right Wing               Time % Phy DF OF 
 1 Steven Stamkos           Tomas Tatar              Tyler Toffoli            55     1   2  2  
 2 Scott Laughton           Joel Farabee             Jesse Puljujarvi         45     1   2  2  

PowerPlay Defense
   Defense                  Defense                                           Time % Phy DF OF 
 1 Jakob Chychrun           Mikhail Sergachev                                 55     1   2  2  
 2 Brenden Dillon           Hampus Lindholm                                   45     1   2  2  

Penalty Kill 4 Players Forward 
   Center                   Wing                     Time % Phy DF OF 
 1 Scott Laughton           Tyler Toffoli            55     1   2  2  
 2 Travis Boyd              Jesse Puljujarvi         45     1   2  2  

Penalty Kill 4 Players Defense
   Defense                  Defense                  Time % Phy DF OF 
 1 Jakob Chychrun           Mikhail Sergachev        55     1   2  2  
 2 Brenden Dillon           Hampus Lindholm          45     1   2  2  

Penalty Kill - 3 Players Forward 
   Forward                                           Time % Phy DF OF 
 1 Steven Stamkos                                    55     1   2  2  
 2 Tyler Toffoli                                     45     1   2  2  

Penalty Kill - 3 Players Defense
   Defense                  Defense                  Time % Phy DF OF 
 1 Jakob Chychrun           Mikhail Sergachev        55     1   2  2  
 2 Brenden Dillon           Hampus Lindholm          45     1   2  2  

4 vs 4 Forward 
   Center                   Wing                     Time % Phy DF OF 
 1 Steven Stamkos           Tyler Toffoli            55     1   2  2  
 2 Scott Laughton           Joel Farabee             45     1   2  2  

4 vs 4 Defense
   Defense                  Defense                  Time % Phy DF OF 
 1 Jakob Chychrun           Mikhail Sergachev        55     1   2  2  
 2 Brenden Dillon           Hampus Lindholm          45     1   2  2  

Last Minutes Offensive
   Center                   Left Wing                Right Wing               Defense                  Defense                  
   Steven Stamkos           Tomas Tatar              Tyler Toffoli            Jakob Chychrun           Mikhail Sergachev        

Last Minutes Defensive
   Center                   Left Wing                Right Wing               Defense                  Defense                  
   Steven Stamkos           Tomas Tatar              Tyler Toffoli            Jakob Chychrun           Mikhail Sergachev        

Goaltenders
Starting : Matthew Murray           
Backup : Alexandar Georgiev       

Extra Forwards
Normal : Steven Stamkos, Tyler Toffoli, Tomas Tatar - PP : Scott Laughton, Tanner Pearson - PK : Liam Foudy
Extra Defensemen
Normal : Kurtis MacDermid, Jan Rutta, Brenden Dillon - PP : Kurtis MacDermid - PK : Jan Rutta, Brenden Dillon
Penalty Shots
Steven Stamkos, Tyler Toffoli, Tomas Tatar, Joel Farabee, Scott Laughton
Custom OT Lines Forwards
Steven Stamkos, Tyler Toffoli, Tomas Tatar, Joel Farabee, Scott Laughton, Liam Foudy, Tanner Pearson, Jesse Puljujarvi, Pierre-Edouard Bellemare, Mason Appleton
Custom OT Lines Defensemen
Jakob Chychrun, Mikhail Sergachev, Brenden Dillon, Hampus Lindholm, Kurtis MacDermid

Scratches
Jordie Benn (Strained Left Elbow Injury), Nico Hischier (Left Foot Injury)

VANCOUVER VOODOO

5 vs 5 Forward 
   Center                   Left Wing                Right Wing               Time % Phy DF OF 
 1 Adam Lowry               Jonathan Drouin          Josh Anderson            33     2   1  2  
 2 Nicolas Roy              Marcus Johansson         Andreas Johnsson         31     2   2  1  
 3 Noel Acciari             Anders Bjork             Ilya Mikheyev            24     3   1  1  
 4 Jake Evans               Brendan Lemieux          Zack Kassian             12     3   1  1  

5 vs 5 Defense 
   Defense                  Defense                                           Time % Phy DF OF 
 1 Keith Yandle             Nicolas Hague                                     36     1   1  3  
 2 Jake Bean                Brett Kulak                                       34     2   2  1  
 3 Nick Holden              Mikko Lehtonen                                    30     1   3  1  
 4 Keith Yandle             Nicolas Hague                                     0      1   2  2  

PowerPlay Forward 
   Center                   Left Wing                Right Wing               Time % Phy DF OF 
 1 Adam Lowry               Jonathan Drouin          Josh Anderson            55     1   0  4  
 2 Jake Evans               Ilya Mikheyev            Anders Bjork             45     1   2  2  

PowerPlay Defense
   Defense                  Defense                                           Time % Phy DF OF 
 1 Keith Yandle             Nicolas Hague                                     50     1   2  2  
 2 Jake Bean                Brett Kulak                                       50     1   1  3  

Penalty Kill 4 Players Forward 
   Center                   Wing                     Time % Phy DF OF 
 1 Noel Acciari             Andreas Johnsson         55     1   4  0  
 2 Jake Evans               Nicolas Roy              45     3   2  0  

Penalty Kill 4 Players Defense
   Defense                  Defense                  Time % Phy DF OF 
 1 Nick Holden              Brett Kulak              50     1   4  0  
 2 Jake Bean                Mikko Lehtonen           50     2   2  1  

Penalty Kill - 3 Players Forward 
   Forward                                           Time % Phy DF OF 
 1 Adam Lowry                                        55     3   2  0  
 2 Jonathan Drouin                                   45     1   1  3  

Penalty Kill - 3 Players Defense
   Defense                  Defense                  Time % Phy DF OF 
 1 Keith Yandle             Nicolas Hague            55     1   3  1  
 2 Brett Kulak              Mikko Lehtonen           45     1   3  1  

4 vs 4 Forward 
   Center                   Wing                     Time % Phy DF OF 
 1 Adam Lowry               Jonathan Drouin          55     0   2  3  
 2 Jake Evans               Nicolas Roy              45     2   2  1  

4 vs 4 Defense
   Defense                  Defense                  Time % Phy DF OF 
 1 Nick Holden              Brett Kulak              50     1   3  1  
 2 Mikko Lehtonen           Jake Bean                50     2   2  1  

Last Minutes Offensive
   Center                   Left Wing                Right Wing               Defense                  Defense                  
   Adam Lowry               Jonathan Drouin          Josh Anderson            Keith Yandle             Nicolas Hague            

Last Minutes Defensive
   Center                   Left Wing                Right Wing               Defense                  Defense                  
   Noel Acciari             Jonathan Drouin          Andreas Johnsson         Keith Yandle             Nicolas Hague            

Goaltenders
Starting : Carey Price              
Backup : Braden Holtby            

Extra Forwards
Normal : Brendan Lemieux, Jake Evans, Nicolas Roy - PP : Brendan Lemieux, Marcus Johansson - PK : Jonathan Drouin
Extra Defensemen
Normal : Nick Holden, Mikko Lehtonen, Jake Bean - PP : Nick Holden - PK : Mikko Lehtonen, Jake Bean
Penalty Shots
Adam Lowry, Jonathan Drouin, Josh Anderson, Marcus Johansson, Ilya Mikheyev
Custom OT Lines Forwards
Adam Lowry, Jonathan Drouin, Josh Anderson, Noel Acciari, Andreas Johnsson, Marcus Johansson, Nicolas Roy, Jake Evans, Ilya Mikheyev, Anders Bjork
Custom OT Lines Defensemen
Keith Yandle, Nicolas Hague, Brett Kulak, Jake Bean, Nick Holden

Scratches
Adam Gaudette (Healthy), John Moore (Abdomen/Ribs Injury)

% Time on Ice - OAKLAND GORILLAS

Lines # - Real PCT - Wanted PCT - Time Play
Normal Forward
1 - 32% - 36% - 14:52
2 - 29% - 31% - 13:32
3 - 26% - 23% - 12:14
4 - 13% - 10% - 6:02
Normal Defense
1 - 36% - 36% - 16:41
2 - 33% - 31% - 15:14
3 - 28% - 23% - 12:55
4 - 4% - 10% - 1:50
PP Forward
1 - 53% - 55% - 0:46
2 - 47% - 45% - 0:40
PP Defense
1 - 47% - 55% - 0:40
2 - 53% - 45% - 0:46
PK Forward
1 - 57% - 55% - 5:37
2 - 43% - 45% - 4:18
PK Defense
1 - 36% - 55% - 3:36
2 - 64% - 45% - 6:19
PK3 Forward
1 - 0% - 55%
2 - 0% - 45%
PK3 Defense
1 - 0% - 55%
2 - 0% - 45%
44 Forward
1 - 79% - 55% - 1:34
2 - 21% - 45% - 0:25
44 Defense
1 - 79% - 55% - 1:34
2 - 21% - 45% - 0:25
Last Minute Offensive  - 0:00
Last Minute Defensive  - 0:00
Total
Forward - 60:00
Defense - 60:00

% Time on Ice - VANCOUVER VOODOO

Lines # - Real PCT - Wanted PCT - Time Play
Normal Forward
1 - 34% - 33% - 15:44
2 - 30% - 31% - 14:12
3 - 22% - 24% - 10:10
4 - 14% - 12% - 6:34
Normal Defense
1 - 34% - 36% - 15:38
2 - 35% - 34% - 16:25
3 - 31% - 30% - 14:37
4 - 0% - 0% - 0:00
PP Forward
1 - 57% - 55% - 5:39
2 - 43% - 45% - 4:16
PP Defense
1 - 54% - 50% - 5:22
2 - 46% - 50% - 4:33
PK Forward
1 - 93% - 55% - 1:20
2 - 7% - 45% - 0:06
PK Defense
1 - 93% - 50% - 1:20
2 - 7% - 50% - 0:06
PK3 Forward
1 - 0% - 55%
2 - 0% - 45%
PK3 Defense
1 - 0% - 55%
2 - 0% - 45%
44 Forward
1 - 65% - 55% - 1:17
2 - 35% - 45% - 0:42
44 Defense
1 - 36% - 50% - 0:43
2 - 64% - 50% - 1:16
Last Minute Offensive  - 0:00
Last Minute Defensive  - 0:00
Total
Forward - 60:00
Defense - 60:00

Play-by-Play

1st period


0:01 of 1st period - Adam Lowry wins face-off versus Steven Stamkos in neutral zone.
0:16 of 1st period - Shot by Steven Stamkos.
0:16 of 1st period - Shot Misses the Net.
0:24 of 1st period - Shot by Steven Stamkos.
0:24 of 1st period - Stopped by Carey Price with a rebound.
0:34 of 1st period - Shot by Josh Anderson.
0:34 of 1st period - Stopped by Matthew Murray without a rebound.
0:35 of 1st period - Scott Laughton wins face-off versus Nicolas Roy in OAKLAND GORILLAS zone.
0:55 of 1st period - Shot by Joel Farabee.
0:55 of 1st period - Shot Blocked by Jake Bean.
1:15 of 1st period - Shot by Scott Laughton.
1:15 of 1st period - Shot Misses the Net.
1:17 of 1st period - Shot by Jesse Puljujarvi.
1:17 of 1st period - Shot Blocked by Andreas Johnsson.
3:03 of 1st period - Keith Yandle is hit by Steven Stamkos and loses puck.
3:27 of 1st period - Icing by Hampus Lindholm.
3:28 of 1st period - Jonathan Drouin wins face-off versus Liam Foudy in OAKLAND GORILLAS zone.
3:29 of 1st period - Shot by Adam Lowry.
3:29 of 1st period - Shot Misses the Net.
3:46 of 1st period - Josh Anderson is hit by Brenden Dillon and loses puck.
4:25 of 1st period - Icing by Travis Boyd.
4:26 of 1st period - Liam Foudy wins face-off versus Noel Acciari in OAKLAND GORILLAS zone.
4:47 of 1st period - Noel Acciari is hit by Brenden Dillon.
5:04 of 1st period - Devin Shore is hit by Noel Acciari and loses puck.
6:02 of 1st period - Shot by Adam Lowry.
6:02 of 1st period - Deflect By Josh Anderson.
6:02 of 1st period - Stopped by Matthew Murray without a rebound.
6:03 of 1st period - Jake Evans wins face-off versus Scott Laughton in OAKLAND GORILLAS zone.
6:06 of 1st period - Shot by Zack Kassian.
6:06 of 1st period - Stopped by Matthew Murray with a rebound.
6:27 of 1st period - Shot by Jake Evans.
6:27 of 1st period - Shot Hit the Post.
6:29 of 1st period - Shot by Jake Evans.
6:29 of 1st period - Shot Misses the Net.
7:17 of 1st period - Shot by Adam Lowry.
7:17 of 1st period - Shot Misses the Net.
7:29 of 1st period - Shot by Andreas Johnsson.
7:29 of 1st period - Stopped by Matthew Murray with a rebound.
7:31 of 1st period - Shot by Marcus Johansson.
7:31 of 1st period - Shot Hit the Post.
7:52 of 1st period - Icing by Nicolas Hague.
7:53 of 1st period - Steven Stamkos wins face-off versus Nicolas Roy in VANCOUVER VOODOO zone.
8:01 of 1st period - Icing by Keith Yandle.
8:02 of 1st period - Nicolas Roy wins face-off versus Steven Stamkos in VANCOUVER VOODOO zone.
8:02 of 1st period - Nicolas Roy is hit by Tyler Toffoli.
8:18 of 1st period - Tomas Tatar is hit by Nicolas Hague and loses puck.
8:24 of 1st period - Off-side.
8:25 of 1st period - Pierre-Edouard Bellemare wins face-off versus Noel Acciari in neutral zone.
8:45 of 1st period - Noel Acciari is hit by Kurtis MacDermid and loses puck.
9:49 of 1st period - Josh Anderson is hit by Kurtis MacDermid and loses puck.
9:50 of 1st period - Minor Penalty to Jan Rutta for Slashing.
9:51 of 1st period - Jake Evans wins face-off versus Scott Laughton in OAKLAND GORILLAS zone.
11:06 of 1st period - Off-side.
11:07 of 1st period - Scott Laughton wins face-off versus Adam Lowry in neutral zone.
11:48 of 1st period - Jesse Puljujarvi is hit by Adam Lowry and loses puck.
12:23 of 1st period - Shot by Nicolas Roy.
12:23 of 1st period - Shot Misses the Net.
12:25 of 1st period - Shot by Nick Holden.
12:25 of 1st period - Stopped by Matthew Murray without a rebound.
12:26 of 1st period - Noel Acciari wins face-off versus Pierre-Edouard Bellemare in OAKLAND GORILLAS zone.
12:39 of 1st period - Shot by Tanner Pearson.
12:39 of 1st period - Stopped by Carey Price without a rebound.
12:40 of 1st period - Jake Evans wins face-off versus Liam Foudy in VANCOUVER VOODOO zone.
12:40 of 1st period - Jake Evans is hit by Devin Shore.
12:43 of 1st period - Brendan Lemieux is hit by Devin Shore and loses puck.
13:47 of 1st period - Shot by Noel Acciari.
13:47 of 1st period - Deflect By Ilya Mikheyev.
13:47 of 1st period - Stopped by Matthew Murray without a rebound.
13:47 of 1st period - Minor Penalty to Kurtis MacDermid for Hooking.
13:48 of 1st period - Scott Laughton wins face-off versus Jonathan Drouin in OAKLAND GORILLAS zone.
14:27 of 1st period - Shot by Jonathan Drouin.
14:27 of 1st period - Deflect By Josh Anderson.
14:27 of 1st period - Shot Blocked by Steven Stamkos.
14:29 of 1st period - Shot by Nicolas Hague.
14:29 of 1st period - Stopped by Matthew Murray without a rebound.
14:30 of 1st period - Scott Laughton wins face-off versus Jake Evans in OAKLAND GORILLAS zone.
15:14 of 1st period - Hampus Lindholm is hit by Anders Bjork and loses puck.
15:58 of 1st period - Shot by Mason Appleton.
15:58 of 1st period - Shot Misses the Net.
16:06 of 1st period - Shot by Tanner Pearson.
16:06 of 1st period - Stopped by Carey Price with a rebound.
16:10 of 1st period - Shot by Pierre-Edouard Bellemare.
16:10 of 1st period - Shot Blocked by Nick Holden.
16:12 of 1st period - Shot by Mason Appleton.
16:12 of 1st period - Stopped by Carey Price without a rebound.
16:13 of 1st period - Steven Stamkos wins face-off versus Adam Lowry in VANCOUVER VOODOO zone.
16:46 of 1st period - Shot by Adam Lowry.
16:46 of 1st period - Stopped by Matthew Murray with a rebound.
17:27 of 1st period - Shot by Kurtis MacDermid.
17:27 of 1st period - Stopped by Carey Price without a rebound.
17:28 of 1st period - Pierre-Edouard Bellemare wins face-off versus Noel Acciari in VANCOUVER VOODOO zone.
17:56 of 1st period - Shot by Tanner Pearson.
17:56 of 1st period - Stopped by Carey Price without a rebound.
17:57 of 1st period - Scott Laughton wins face-off versus Adam Lowry in VANCOUVER VOODOO zone.
18:03 of 1st period - Icing by Mikko Lehtonen.
18:04 of 1st period - Scott Laughton wins face-off versus Adam Lowry in VANCOUVER VOODOO zone.
18:21 of 1st period - Shot by Jesse Puljujarvi.
18:21 of 1st period - Shot Misses the Net.
18:23 of 1st period - Shot by Joel Farabee.
18:23 of 1st period - Stopped by Carey Price without a rebound.
18:24 of 1st period - Nicolas Roy wins face-off versus Steven Stamkos in VANCOUVER VOODOO zone.
18:24 of 1st period - Nicolas Roy is hit by Steven Stamkos.
Goals for this period are 0 for OAKLAND GORILLAS vs 0 for VANCOUVER VOODOO.
Shots for this period are 7 for OAKLAND GORILLAS vs 8 for VANCOUVER VOODOO.

2nd period


0:01 of 2nd period - Adam Lowry wins face-off versus Scott Laughton in neutral zone.
0:03 of 2nd period - Off-side.
0:04 of 2nd period - Scott Laughton wins face-off versus Jonathan Drouin in neutral zone.
0:07 of 2nd period - Josh Anderson is hit by Scott Laughton.
1:16 of 2nd period - Anders Bjork is hit by Brenden Dillon and loses puck.
1:37 of 2nd period - Shot by Steven Stamkos.
1:37 of 2nd period - Deflect By Tyler Toffoli.
1:37 of 2nd period - Shot Misses the Net.
2:03 of 2nd period - Shot by Mason Appleton.
2:03 of 2nd period - Stopped by Carey Price with a rebound.
2:05 of 2nd period - Shot by Tanner Pearson.
2:05 of 2nd period - Shot Blocked by Andreas Johnsson.
2:07 of 2nd period - Shot by Pierre-Edouard Bellemare.
2:07 of 2nd period - Goal by Pierre-Edouard Bellemare - OAKLAND GORILLAS : 1 - VANCOUVER VOODOO : 0.
2:08 of 2nd period - Zack Kassian wins face-off versus Liam Foudy in neutral zone.
2:18 of 2nd period - Jake Evans is hit by Devin Shore and loses puck.
2:39 of 2nd period - Shot by Devin Shore.
2:39 of 2nd period - Shot Blocked by Nick Holden.
2:41 of 2nd period - Shot by Devin Shore.
2:41 of 2nd period - Stopped by Carey Price with a rebound.
2:59 of 2nd period - Scott Laughton is hit by Zack Kassian and loses puck.
3:16 of 2nd period - Shot by Joel Farabee.
3:16 of 2nd period - Stopped by Carey Price with a rebound.
3:18 of 2nd period - Shot by Joel Farabee.
3:18 of 2nd period - Shot Misses the Net.
3:20 of 2nd period - Shot by Scott Laughton.
3:20 of 2nd period - Stopped by Carey Price with a rebound.
3:24 of 2nd period - Shot by Jesse Puljujarvi.
3:24 of 2nd period - Stopped by Carey Price without a rebound.
3:25 of 2nd period - Steven Stamkos wins face-off versus Adam Lowry in VANCOUVER VOODOO zone.
3:40 of 2nd period - Shot by Steven Stamkos.
3:40 of 2nd period - Shot Misses the Net.
3:42 of 2nd period - Shot by Tomas Tatar.
3:42 of 2nd period - Deflect By Steven Stamkos.
3:42 of 2nd period - Shot Misses the Net.
3:44 of 2nd period - Shot by Tyler Toffoli.
3:44 of 2nd period - Stopped by Carey Price without a rebound.
3:45 of 2nd period - Pierre-Edouard Bellemare wins face-off versus Nicolas Roy in VANCOUVER VOODOO zone.
3:56 of 2nd period - Andreas Johnsson is hit by Mikhail Sergachev and loses puck.
4:03 of 2nd period - Shot by Andreas Johnsson.
4:03 of 2nd period - Stopped by Matthew Murray without a rebound.
4:04 of 2nd period - Scott Laughton wins face-off versus Noel Acciari in OAKLAND GORILLAS zone.
4:13 of 2nd period - Icing by Noel Acciari.
4:14 of 2nd period - Noel Acciari wins face-off versus Steven Stamkos in VANCOUVER VOODOO zone.
4:41 of 2nd period - Shot by Tomas Tatar.
4:41 of 2nd period - Stopped by Carey Price without a rebound.
4:42 of 2nd period - Adam Lowry wins face-off versus Scott Laughton in VANCOUVER VOODOO zone.
5:47 of 2nd period - Icing by Jake Bean.
5:48 of 2nd period - Steven Stamkos wins face-off versus Adam Lowry in VANCOUVER VOODOO zone.
6:35 of 2nd period - Shot by Andreas Johnsson.
6:35 of 2nd period - Stopped by Matthew Murray without a rebound.
6:36 of 2nd period - Noel Acciari wins face-off versus Pierre-Edouard Bellemare in OAKLAND GORILLAS zone.
6:51 of 2nd period - Shot by Tanner Pearson.
6:51 of 2nd period - Stopped by Carey Price with a rebound.
7:36 of 2nd period - Icing by Keith Yandle.
7:37 of 2nd period - Jake Evans wins face-off versus Jesse Puljujarvi in VANCOUVER VOODOO zone.
7:37 of 2nd period - Jake Evans is hit by Scott Laughton.
7:46 of 2nd period - Minor Penalty to Scott Laughton for Hooking.
7:47 of 2nd period - Adam Lowry wins face-off versus Liam Foudy in OAKLAND GORILLAS zone.
7:47 of 2nd period - Adam Lowry is hit by Mikhail Sergachev.
8:05 of 2nd period - Shot by Adam Lowry.
8:05 of 2nd period - Deflect By Jonathan Drouin.
8:05 of 2nd period - Stopped by Matthew Murray without a rebound.
8:06 of 2nd period - Jake Evans wins face-off versus Liam Foudy in OAKLAND GORILLAS zone.
8:25 of 2nd period - Shot by Ilya Mikheyev.
8:25 of 2nd period - Stopped by Matthew Murray with a rebound.
9:52 of 2nd period - Minor Penalty to Kurtis MacDermid for Slashing.
9:53 of 2nd period - Adam Lowry wins face-off versus Scott Laughton in OAKLAND GORILLAS zone.
9:56 of 2nd period - Shot by Josh Anderson.
9:56 of 2nd period - Shot Misses the Net.
9:58 of 2nd period - Shot by Nicolas Hague.
9:58 of 2nd period - Shot Misses the Net.
10:00 of 2nd period - Shot by Jonathan Drouin.
10:00 of 2nd period - Shot Blocked by Jakob Chychrun.
10:02 of 2nd period - Shot by Nicolas Hague.
10:02 of 2nd period - Shot Misses the Net.
10:04 of 2nd period - Shot by Jonathan Drouin.
10:04 of 2nd period - Stopped by Matthew Murray without a rebound.
10:05 of 2nd period - Jake Evans wins face-off versus Travis Boyd in OAKLAND GORILLAS zone.
10:16 of 2nd period - Shot by Anders Bjork.
10:16 of 2nd period - Shot Blocked by Hampus Lindholm.
10:18 of 2nd period - Shot by Ilya Mikheyev.
10:18 of 2nd period - Shot Misses the Net.
10:28 of 2nd period - Shot by Anders Bjork.
10:28 of 2nd period - Shot Blocked by Brenden Dillon.
11:35 of 2nd period - Shot by Jake Evans.
11:35 of 2nd period - Deflect By Ilya Mikheyev.
11:35 of 2nd period - Stopped by Matthew Murray without a rebound.
11:36 of 2nd period - Scott Laughton wins face-off versus Josh Anderson in OAKLAND GORILLAS zone.
11:36 of 2nd period - Scott Laughton is hit by Josh Anderson.
12:04 of 2nd period - Pierre-Edouard Bellemare is hit by Nicolas Roy and loses puck.
12:35 of 2nd period - Icing by Tanner Pearson.
12:36 of 2nd period - Pierre-Edouard Bellemare wins face-off versus Brendan Lemieux in OAKLAND GORILLAS zone.
12:36 of 2nd period - Pierre-Edouard Bellemare is hit by Brendan Lemieux.
12:56 of 2nd period - Shot by Jake Evans.
12:56 of 2nd period - Shot Misses the Net.
13:01 of 2nd period - Icing by Tomas Tatar.
13:02 of 2nd period - Steven Stamkos wins face-off versus Adam Lowry in OAKLAND GORILLAS zone.
14:25 of 2nd period - Shot by Joel Farabee.
14:25 of 2nd period - Stopped by Carey Price without a rebound.
14:26 of 2nd period - Pierre-Edouard Bellemare wins face-off versus Anders Bjork in VANCOUVER VOODOO zone.
14:57 of 2nd period - Shot by Noel Acciari.
14:57 of 2nd period - Stopped by Matthew Murray without a rebound.
14:58 of 2nd period - Steven Stamkos wins face-off versus Nicolas Roy in OAKLAND GORILLAS zone.
14:58 of 2nd period - Steven Stamkos is hit by Andreas Johnsson.
15:32 of 2nd period - Shot by Marcus Johansson.
15:32 of 2nd period - Stopped by Matthew Murray with a rebound.
15:34 of 2nd period - Shot by Nicolas Roy.
15:34 of 2nd period - Shot Misses the Net.
15:36 of 2nd period - Shot by Nicolas Roy.
15:36 of 2nd period - Deflect By Marcus Johansson.
15:36 of 2nd period - Stopped by Matthew Murray without a rebound.
15:37 of 2nd period - Noel Acciari wins face-off versus Scott Laughton in OAKLAND GORILLAS zone.
15:46 of 2nd period - Shot by Noel Acciari.
15:46 of 2nd period - Stopped by Matthew Murray without a rebound.
15:47 of 2nd period - Adam Lowry wins face-off versus Pierre-Edouard Bellemare in OAKLAND GORILLAS zone.
15:48 of 2nd period - Shot by Jonathan Drouin.
15:48 of 2nd period - Stopped by Matthew Murray with a rebound.
16:06 of 2nd period - Shot by Josh Anderson.
16:06 of 2nd period - Shot Misses the Net.
16:40 of 2nd period - Anders Bjork is hit by Tanner Pearson and loses puck.
17:11 of 2nd period - Shot by Ilya Mikheyev.
17:11 of 2nd period - Shot Misses the Net.
18:41 of 2nd period - Jakob Chychrun is hit by Adam Lowry and loses puck.
18:54 of 2nd period - Shot by Josh Anderson.
18:54 of 2nd period - Stopped by Matthew Murray without a rebound.
18:55 of 2nd period - Steven Stamkos wins face-off versus Noel Acciari in OAKLAND GORILLAS zone.
19:25 of 2nd period - Shot by Tyler Toffoli.
19:25 of 2nd period - Stopped by Carey Price without a rebound.
19:26 of 2nd period - Adam Lowry wins face-off versus Liam Foudy in VANCOUVER VOODOO zone.
19:50 of 2nd period - Liam Foudy is hit by Jake Bean and loses puck.
Goals for this period are 1 for OAKLAND GORILLAS vs 0 for VANCOUVER VOODOO.
Shots for this period are 11 for OAKLAND GORILLAS vs 12 for VANCOUVER VOODOO.

3rd period


0:01 of 3rd period - Steven Stamkos wins face-off versus Nicolas Roy in neutral zone.
0:36 of 3rd period - Shot by Steven Stamkos.
0:36 of 3rd period - Deflect By Tyler Toffoli.
0:36 of 3rd period - Stopped by Carey Price without a rebound.
0:37 of 3rd period - Scott Laughton wins face-off versus Adam Lowry in VANCOUVER VOODOO zone.
1:01 of 3rd period - Shot by Josh Anderson.
1:01 of 3rd period - Stopped by Matthew Murray with a rebound.
1:20 of 3rd period - Minor Penalty to Adam Lowry for Holding.
1:20 of 3rd period - Minor Penalty to Brenden Dillon for Hooking.
1:21 of 3rd period - Jake Evans wins face-off versus Steven Stamkos in OAKLAND GORILLAS zone.
3:10 of 3rd period - Shot by Joel Farabee.
3:10 of 3rd period - Shot Misses the Net.
3:25 of 3rd period - Adam Lowry is hit by Hampus Lindholm and loses puck.
3:31 of 3rd period - Minor Penalty to Hampus Lindholm for Hooking.
3:32 of 3rd period - Travis Boyd wins face-off versus Josh Anderson in OAKLAND GORILLAS zone.
5:35 of 3rd period - Shot by Andreas Johnsson.
5:35 of 3rd period - Stopped by Matthew Murray without a rebound.
5:36 of 3rd period - Pierre-Edouard Bellemare wins face-off versus Nicolas Roy in OAKLAND GORILLAS zone.
6:09 of 3rd period - Shot by Mason Appleton.
6:09 of 3rd period - Stopped by Carey Price without a rebound.
6:10 of 3rd period - Steven Stamkos wins face-off versus Noel Acciari in VANCOUVER VOODOO zone.
6:13 of 3rd period - Shot by Tomas Tatar.
6:13 of 3rd period - Deflect By Steven Stamkos.
6:13 of 3rd period - Goal by Steven Stamkos - OAKLAND GORILLAS : 2 - VANCOUVER VOODOO : 0.
6:14 of 3rd period - Noel Acciari wins face-off versus Steven Stamkos in neutral zone.
6:48 of 3rd period - Shot by Ilya Mikheyev.
6:48 of 3rd period - Stopped by Matthew Murray without a rebound.
6:49 of 3rd period - Adam Lowry wins face-off versus Scott Laughton in OAKLAND GORILLAS zone.
6:49 of 3rd period - Adam Lowry is hit by Kurtis MacDermid.
7:16 of 3rd period - Shot by Adam Lowry.
7:16 of 3rd period - Shot Misses the Net.
7:19 of 3rd period - Icing by Kurtis MacDermid.
7:20 of 3rd period - Scott Laughton wins face-off versus Nicolas Roy in OAKLAND GORILLAS zone.
7:24 of 3rd period - Icing by Jesse Puljujarvi.
7:25 of 3rd period - Nicolas Roy wins face-off versus Scott Laughton in OAKLAND GORILLAS zone.
7:29 of 3rd period - Marcus Johansson is hit by Kurtis MacDermid and loses puck.
8:51 of 3rd period - Shot by Josh Anderson.
8:51 of 3rd period - Stopped by Matthew Murray without a rebound.
8:52 of 3rd period - Noel Acciari wins face-off versus Pierre-Edouard Bellemare in OAKLAND GORILLAS zone.
8:52 of 3rd period - Anders Bjork is hit by Brenden Dillon and loses puck.
9:31 of 3rd period - Shot by Ilya Mikheyev.
9:31 of 3rd period - Shot Misses the Net.
10:09 of 3rd period - Shot by Joel Farabee.
10:09 of 3rd period - Shot Blocked by Adam Lowry.
10:11 of 3rd period - Shot by Scott Laughton.
10:11 of 3rd period - Shot Blocked by Keith Yandle.
10:13 of 3rd period - Shot by Jesse Puljujarvi.
10:13 of 3rd period - Stopped by Carey Price without a rebound.
10:14 of 3rd period - Jake Evans wins face-off versus Steven Stamkos in VANCOUVER VOODOO zone.
10:14 of 3rd period - Jake Evans is hit by Tomas Tatar.
10:45 of 3rd period - Shot by Tyler Toffoli.
10:45 of 3rd period - Shot Misses the Net.
11:25 of 3rd period - Shot by Joel Farabee.
11:25 of 3rd period - Shot Misses the Net.
11:27 of 3rd period - Shot by Jan Rutta.
11:27 of 3rd period - Stopped by Carey Price without a rebound.
11:28 of 3rd period - Adam Lowry wins face-off versus Liam Foudy in VANCOUVER VOODOO zone.
12:31 of 3rd period - Nick Holden is hit by Scott Laughton and loses puck.
12:46 of 3rd period - Shot by Jesse Puljujarvi.
12:46 of 3rd period - Stopped by Carey Price without a rebound.
12:47 of 3rd period - Noel Acciari wins face-off versus Steven Stamkos in VANCOUVER VOODOO zone.
13:34 of 3rd period - Icing by Mikko Lehtonen.
13:35 of 3rd period - Scott Laughton wins face-off versus Jake Evans in VANCOUVER VOODOO zone.
13:35 of 3rd period - Jesse Puljujarvi is hit by Mikko Lehtonen and loses puck.
13:37 of 3rd period - Minor Penalty to Nick Holden for Interference.
13:38 of 3rd period - Noel Acciari wins face-off versus Scott Laughton in VANCOUVER VOODOO zone.
13:51 of 3rd period - Shot by Joel Farabee.
13:51 of 3rd period - Stopped by Carey Price without a rebound.
13:52 of 3rd period - Steven Stamkos wins face-off versus Noel Acciari in VANCOUVER VOODOO zone.
14:27 of 3rd period - Shot by Tomas Tatar.
14:27 of 3rd period - Stopped by Carey Price with a rebound.
14:54 of 3rd period - Joel Farabee is hit by Nicolas Hague and loses puck.
15:01 of 3rd period - Shot by Jesse Puljujarvi.
15:01 of 3rd period - Shot Misses the Net.
15:03 of 3rd period - Shot by Scott Laughton.
15:03 of 3rd period - Goal by Scott Laughton - OAKLAND GORILLAS : 3 - VANCOUVER VOODOO : 0.
15:04 of 3rd period - Pierre-Edouard Bellemare wins face-off versus Adam Lowry in neutral zone.
15:31 of 3rd period - Off-side.
15:32 of 3rd period - Jake Evans wins face-off versus Scott Laughton in neutral zone.
15:55 of 3rd period - Shot by Scott Laughton.
15:55 of 3rd period - Stopped by Carey Price without a rebound.
15:56 of 3rd period - Steven Stamkos wins face-off versus Adam Lowry in VANCOUVER VOODOO zone.
15:57 of 3rd period - Shot by Tyler Toffoli.
15:57 of 3rd period - Stopped by Carey Price without a rebound.
15:58 of 3rd period - Tomas Tatar wins face-off versus Jonathan Drouin in VANCOUVER VOODOO zone.
16:03 of 3rd period - Shot by Steven Stamkos.
16:03 of 3rd period - Stopped by Carey Price with a rebound.
16:09 of 3rd period - Shot by Tyler Toffoli.
16:09 of 3rd period - Stopped by Carey Price without a rebound.
16:10 of 3rd period - Nicolas Roy wins face-off versus Scott Laughton in VANCOUVER VOODOO zone.
16:10 of 3rd period - Nicolas Roy is hit by Scott Laughton.
16:28 of 3rd period - Shot by Scott Laughton.
16:28 of 3rd period - Stopped by Carey Price without a rebound.
16:29 of 3rd period - Steven Stamkos wins face-off versus Adam Lowry in VANCOUVER VOODOO zone.
16:34 of 3rd period - Shot by Steven Stamkos.
16:34 of 3rd period - Shot Misses the Net.
16:36 of 3rd period - Shot by Steven Stamkos.
16:36 of 3rd period - Stopped by Carey Price without a rebound.
16:37 of 3rd period - Nicolas Roy wins face-off versus Steven Stamkos in VANCOUVER VOODOO zone.
17:00 of 3rd period - Shot by Steven Stamkos.
17:00 of 3rd period - Shot Misses the Net.
18:40 of 3rd period - Jan Rutta is hit by Adam Lowry.
19:25 of 3rd period - Kurtis MacDermid is hit by Anders Bjork and loses puck.
Goals for this period are 2 for OAKLAND GORILLAS vs 0 for VANCOUVER VOODOO.
Shots for this period are 15 for OAKLAND GORILLAS vs 4 for VANCOUVER VOODOO.


DARCY
KUEMPER
JAKE
OETTINGER
NINO
NIEDERREITER

EAST COAST

HOCKEY LEAGUE

  • 1.CHI2QUE4
  • 2.LIM2CHA3
  • 3.LON3TRV5
  • 4.BAL5CHW6
  • 5.MANPIT
  • 6.NHWATL
  • 7.PETWOR
  • 8.RHI